[Event "December 19 Late 2023"]
[Site "https://www.chess.com"]
[Date "2023.12.19"]
[Round "11"]
[White "Grigoriants, Sergey"]
[Black "Zhu, Jiner"]
[Result "1-0"]
[Board "13"]
[TimeControl "180+1"]
[WhiteFideId "4130804"]
[BlackFideId "8608059"]
[WhiteElo "2532"]
[BlackElo "2384"]
[WhiteTeam "HUN"]
[BlackTeam "CHN"]
[WhiteClock "0:00:26"]
[BlackClock "0:00:21"]

1. d4 Nf6 2. c4 g6 3. Nc3 Bg7 4. e4 d6 5. Be2 O-O 6. Be3 c5 7. d5 e6 8. h4 exd5 9. exd5 h5 10. Qd2 Re8 11. Nh3 Bxh3 12. Rxh3 Ne4 13. Nxe4 Rxe4 14. Bg5 Qe8 15. Kf1 Nd7 16. Bd3 Rd4 17. Re1 Qc8 18. Be3 Rxd3 19. Qxd3 Bxb2 20. Bf4 Be5 21. Bg5 Bd4 22. Bf4 Ne5 23. Bxe5 Bxe5 24. Rhe3 b6 25. Rxe5 dxe5 26. Rxe5 Qd7 27. Qe4 Kf8 28. g3 Rd8 29. Kg2 Qd6 30. Qe3 Qf6 31. a4 Qd6 32. f4 Qd7 33. f5 Qd6 34. Qh6+ Kg8 35. fxg6 Qxg6 36. Rg5 1-0

[Event "December 19 Late 2023"]
[Site "https://www.chess.com"]
[Date "2023.12.19"]
[Round "11"]
[White "Sun, Rick"]
[Black "Popov, Konstantin"]
[Result "0-1"]
[Board "14"]
[TimeControl "180+1"]
[WhiteFideId "30909481"]
[BlackFideId "34137910"]
[WhiteElo "2169"]
[BlackElo "2340"]
[WhiteTeam "USA"]
[BlackTeam "FID"]
[WhiteClock "0:00:13"]
[BlackClock "0:01:24"]

1. d4 Nf6 2. Nc3 d5 3. Bf4 Bf5 4. e3 e6 5. f3 h5 6. Bd3 Bxd3 7. Qxd3 Bd6 8. Nge2 a6 9. O-O-O Nbd7 10. e4 Be7 11. exd5 exd5 12. Rhe1 O-O 13. g4 h4 14. Bg5 Nh7 15. Bxe7 Qxe7 16. Nxd5 Qd6 17. Ndf4 Rfe8 18. h3 Ng5 19. Kb1 g6 20. a3 Re7 21. c4 b6 22. Rh1 Rae8 23. Rd2 Re3 24. Qc2 Nxf3 25. Rd3 c6 26. d5 c5 27. Rhd1 Ng5 28. Rxe3 Rxe3 29. Rd3 Re4 30. Ng2 Ne5 31. Rc3 Nef3 32. Ka2 Qe5 33. Rb3 Rxe2 34. Qc1 Rxg2 35. Rxb6 Kg7 36. d6 Rd2 37. Rxa6 Rxd6 38. Rxd6 Qxd6 39. Qc3+ Qd4 40. Qb3 Ne5 41. a4 Nxc4 42. a5 Nxa5 43. Qb6 Nc4 44. Qa6 Qxb2# 0-1

[Event "December 19 Late 2023"]
[Site "https://www.chess.com"]
[Date "2023.12.19"]
[Round "11"]
[White "Durarbayli, Vasif"]
[Black "Goltsev, Dmitry"]
[Result "1/2-1/2"]
[Board "15"]
[TimeControl "180+1"]
[WhiteFideId "13402935"]
[BlackFideId "24176710"]
[WhiteElo "2551"]
[BlackElo "2370"]
[WhiteTeam "AZE"]
[BlackTeam "RUS"]
[WhiteClock "0:00:12"]
[BlackClock "0:00:05"]

1. e4 e6 2. d4 d5 3. Nc3 c5 4. Nf3 Nf6 5. exd5 exd5 6. Bb5+ Nc6 7. O-O Be7 8. dxc5 Bxc5 9. Bg5 O-O 10. Bxf6 Qxf6 11. Qxd5 Bb6 12. Qg5 Qxg5 13. Nxg5 Bf5 14. Bd3 Bxd3 15. cxd3 Rad8 16. Rad1 Ne5 17. Nf3 Nxd3 18. Rd2 Rd7 19. Rfd1 Rfd8 20. Kf1 f6 21. Ne1 Ne5 22. Rxd7 Rxd7 23. Rxd7 Nxd7 24. Nd3 Kf7 25. Ke2 Nc5 26. Nf4 Ne6 27. Nfd5 Bc5 28. b4 Bd6 29. g3 a6 30. Ne4 Bb8 31. Kd3 f5 32. Nc5 Nxc5+ 33. bxc5 Ke6 34. Kc4 g5 35. f3 h5 36. Nb4 h4 37. gxh4 g4 38. fxg4 fxg4 39. c6 bxc6 40. Nxa6 Bxh2 41. Nc5+ Kf5 42. Nd3 g3 43. Ne1 Kg4 44. Ng2 Kh3 45. h5 Kxg2 46. h6 Kf1 47. h7 g2 48. h8=Q g1=Q 49. Qf6+ Ke1 50. Qxc6 Qg3 51. a4 Qd6 52. Qe4+ Kd2 53. a5 Qc7+ 54. Kb5 Bd6 55. Qd5+ Kc3 56. a6 Qb8+ 57. Qb7 Qxb7+ 58. axb7 Kd4 59. Kc6 Ke5 60. Kd7 Kd5 61. Kc8 Kc5 62. b8=Q Bxb8 1/2-1/2

[Event "December 19 Late 2023"]
[Site "https://www.chess.com"]
[Date "2023.12.19"]
[Round "11"]
[White "Solon, Nathan"]
[Black "Livaic, Leon"]
[Result "1/2-1/2"]
[Board "16"]
[TimeControl "180+1"]
[WhiteFideId "2017229"]
[BlackFideId "14531534"]
[WhiteElo "2683"]
[BlackElo "2541"]
[WhiteTeam "USA"]
[BlackTeam "CRO"]
[WhiteClock "0:00:15"]
[BlackClock "0:00:23"]

1. d4 f5 2. Bf4 Nf6 3. e3 g6 4. h4 h6 5. Nc3 Bg7 6. Qf3 d6 7. Bc4 e6 8. O-O-O Qe7 9. Nge2 Nc6 10. e4 e5 11. dxe5 dxe5 12. Bh2 f4 13. Nd5 Nxd5 14. exd5 Na5 15. Bd3 Bf5 16. Bxf5 gxf5 17. Nxf4 e4 18. Qh5+ Qf7 19. Ne6 Ke7 20. Nxg7 Qxg7 21. Qxf5 b6 22. Be5 Qf7 23. d6+ Kf8 24. Qxf7+ Kxf7 25. Bxh8 Rxh8 26. dxc7 Rc8 27. Rd7+ Ke6 28. Rh7 Nb7 29. Re1 Nd6 30. Rxh6+ Ke5 31. Rxd6 Kxd6 32. Rxe4 Rxc7 33. Kd2 Kd5 34. f3 Rh7 35. Rg4 b5 36. c3 a5 37. Ke3 a4 38. Rg5+ Kc4 39. Rg4+ Kc5 40. g3 Rh6 41. a3 Rd6 42. Rd4 Re6+ 43. Re4 Rh6 44. f4 Kd5 45. Re5+ Kc4 46. Re4+ Kb3 47. Rb4+ Kc2 48. Rxb5 Rg6 49. Kf3 Rd6 50. Rb4 Rd3+ 51. Kg4 Rd1 52. h5 Rd8 53. h6 Kd3 54. Kh5 Ke2 55. g4 Kf2 56. g5 Kg2 57. g6 Kh2 58. h7 Rd3 59. g7 Rg3 60. g8=Q Kg2 61. Qxg3+ Kh1 62. h8=Q 1/2-1/2

[Event "December 19 Late 2023"]
[Site "https://www.chess.com"]
[Date "2023.12.19"]
[Round "11"]
[White "Dourerassou, Jonathan"]
[Black "Bjelobrk, Igor"]
[Result "1-0"]
[Board "17"]
[TimeControl "180+1"]
[WhiteFideId "628050"]
[BlackFideId "4300726"]
[WhiteElo "2499"]
[BlackElo "2319"]
[WhiteTeam "FRA"]
[BlackTeam "AUS"]
[WhiteClock "0:01:11"]
[BlackClock "0:00:20"]

1. d4 e6 2. e4 d5 3. Nc3 Bb4 4. exd5 exd5 5. Bd3 Nc6 6. Ne2 Nge7 7. O-O O-O 8. Bg5 f6 9. Bf4 Bf5 10. Bxf5 Nxf5 11. Qd3 Nce7 12. Nb5 c6 13. Nc7 g5 14. Ne6 Qc8 15. Nxf8 gxf4 16. Nxh7 Kxh7 17. Nxf4 Bd6 18. Nh5 Kg6 19. g4 Qh8 20. Ng3 Kf7 21. gxf5 Qh3 22. Qf3 Rh8 23. Qg2 Qh7 24. f4 Nxf5 25. Nxf5 Qxf5 26. Kh1 Bxf4 27. Rf2 Qg5 28. Qf3 Rh4 29. Rg1 Qh6 30. Rgg2 Be3 31. Re2 Bxd4 32. Re1 Rf4 33. Qg3 Be5 34. Qg8+ Ke7 35. Rg7+ Kd6 36. Qf8+ Ke6 37. Re7+ Kf5 38. R1xe5+ 1-0

[Event "December 19 Late 2023"]
[Site "https://www.chess.com"]
[Date "2023.12.19"]
[Round "11"]
[White "Mikaelyan, Arman"]
[Black "Manukyan, Sargis A."]
[Result "1/2-1/2"]
[Board "18"]
[TimeControl "180+1"]
[WhiteFideId "13304852"]
[BlackFideId "13303970"]
[WhiteElo "2445"]
[BlackElo "2186"]
[WhiteTeam "ARM"]
[BlackTeam "ARM"]
[WhiteClock "0:00:04"]
[BlackClock "0:00:10"]

1. d4 d5 2. c4 e6 3. Nf3 Nf6 4. Nc3 Be7 5. Bg5 O-O 6. e3 h6 7. Bh4 b6 8. Bd3 dxc4 9. Bxc4 Bb7 10. O-O Nbd7 11. Qe2 Nd5 12. Bg3 Nxc3 13. bxc3 c5 14. Rfd1 cxd4 15. cxd4 Nf6 16. Ne5 Rc8 17. Ba6 Qd5 18. Bxb7 Qxb7 19. Bh4 Nd5 20. Bxe7 Nxe7 21. e4 Nc6 22. Nxc6 Rxc6 23. Rd2 Rd6 24. Rad1 Rfd8 25. h3 Qd7 26. Qe3 Qa4 27. Kh2 a5 28. d5 exd5 29. Rxd5 Rxd5 30. Rxd5 Rxd5 31. exd5 Qd7 32. Qe5 f6 33. Qb8+ Kf7 34. Qa8 Qd6+ 35. g3 Qc5 36. Qb7+ Kg6 37. Kg2 Qd4 38. Qc6 Qe4+ 39. Kh2 Qd4 40. Kg1 Kf7 41. Qd7+ Kg6 42. Qe6 Qa1+ 43. Kg2 Qxa2 44. Qe4+ Kf7 45. d6 Qe6 46. Qb7+ Ke8 47. Qxb6 Qd7 48. Qb8+ Kf7 49. Qb3+ Kf8 50. Qd5 a4 51. f4 a3 52. f5 a2 53. Qa8+ Qe8 54. Qxa2 Qc6+ 55. Kh2 Qxd6 56. Qa8+ Kf7 57. Qa2+ Kf8 58. Qa8+ Kf7 59. Qa2+ Kf8 1/2-1/2

[Event "December 19 Late 2023"]
[Site "https://www.chess.com"]
[Date "2023.12.19"]
[Round "11"]
[White "Karttunen, Mika"]
[Black "Wieczorek, Oskar"]
[Result "0-1"]
[Board "19"]
[TimeControl "180+1"]
[WhiteFideId "502081"]
[BlackFideId "1133950"]
[WhiteElo "2396"]
[BlackElo "2407"]
[WhiteTeam "FIN"]
[BlackTeam "POL"]
[WhiteClock "0:00:00"]
[BlackClock "0:01:35"]

1. e4 c5 2. Nf3 e6 3. d4 cxd4 4. Nxd4 Nf6 5. Nc3 d6 6. g4 e5 7. Nf5 h5 8. g5 Nxe4 9. Nxe4 Bxf5 10. Ng3 Bg6 11. Bg2 Nc6 12. h4 Nd4 13. Be4 Bxe4 14. Nxe4 d5 15. Ng3 g6 16. c3 Ne6 17. O-O Bg7 18. f4 exf4 19. Bxf4 O-O 20. Qb3 Qd7 21. Rad1 d4 22. Be3 Qc7 23. Bf2 dxc3 24. bxc3 Rad8 25. c4 Qf4 26. Qxb7 Rxd1 27. Rxd1 Qxh4 28. Qe4 Qxg5 29. Qd5 Qg4 0-1

[Event "December 19 Late 2023"]
[Site "https://www.chess.com"]
[Date "2023.12.19"]
[Round "11"]
[White "Pakleza, Zbigniew"]
[Black "Assylov, Miras"]
[Result "1-0"]
[Board "20"]
[TimeControl "180+1"]
[WhiteFideId "1119290"]
[BlackFideId "13728873"]
[WhiteElo "2410"]
[BlackElo "1991"]
[WhiteTeam "POL"]
[BlackTeam "KAZ"]
[WhiteClock "0:01:17"]
[BlackClock "0:00:00"]

1. d4 Nf6 2. Nf3 g6 3. Bf4 Bg7 4. e3 d6 5. h3 O-O 6. Be2 c5 7. c3 Qb6 8. Qb3 Be6 9. Qxb6 axb6 10. a3 Bd5 11. Nbd2 Bc6 12. O-O Nbd7 13. Bh2 Rfe8 14. Rfd1 b5 15. dxc5 dxc5 16. Ne5 Nxe5 17. Bxe5 Nd7 18. Bxg7 Kxg7 19. Bf3 Nb6 20. Bxc6 bxc6 21. Ne4 c4 22. Nc5 Red8 23. e4 Rd6 24. Kf1 f5 25. exf5 gxf5 26. Rxd6 exd6 27. Ne6+ Kf6 28. Nd4 Rc8 29. Re1 Na4 30. Re6+ Kg5 31. g3 Nxb2 32. f4+ Kh5 33. Nxf5 1-0

[Event "December 19 Late 2023"]
[Site "https://www.chess.com"]
[Date "2023.12.19"]
[Round "11"]
[White "Adewumi, Tanitoluwa"]
[Black "Ibarra Jerez, Jose Carlos"]
[Result "0-1"]
[Board "21"]
[TimeControl "180+1"]
[WhiteFideId "30966396"]
[BlackFideId "2226332"]
[WhiteElo "2325"]
[BlackElo "2634"]
[WhiteTeam "USA"]
[BlackTeam "ESP"]
[WhiteClock "0:00:15"]
[BlackClock "0:01:01"]

1. e4 c5 2. Nf3 Nc6 3. Bb5 e6 4. Bxc6 bxc6 5. b3 e5 6. Bb2 d6 7. c3 f5 8. exf5 e4 9. Qe2 Qe7 10. Ng1 Bxf5 11. Qa6 Rc8 12. Ne2 Nf6 13. O-O Qd7 14. Ng3 Bg6 15. Re1 Be7 16. d4 exd3 17. Qc4 d5 18. Qxc5 Ne4 19. Nxe4 dxe4 20. Qc4 Qd5 21. Nd2 O-O 22. Nxe4 Qxc4 23. bxc4 Bxe4 24. Rxe4 Bc5 25. Bc1 Rxf2 26. Be3 Re2 27. Bxc5 Rxe4 28. Rd1 Rxc4 29. Bd4 c5 30. Be5 Re8 0-1

[Event "December 19 Late 2023"]
[Site "https://www.chess.com"]
[Date "2023.12.19"]
[Round "11"]
[White "Zhigalko, Sergei"]
[Black "Dyachuk, Artem"]
[Result "0-1"]
[Board "22"]
[TimeControl "180+1"]
[WhiteFideId "13502956"]
[BlackFideId "34107924"]
[WhiteElo "2616"]
[BlackElo "2244"]
[WhiteTeam "BLR"]
[BlackTeam "UKR"]
[WhiteClock "0:00:00"]
[BlackClock "0:00:03"]

1. e4 e5 2. Nf3 Nc6 3. Bb5 a6 4. Ba4 Nf6 5. O-O Bc5 6. d3 b5 7. Bb3 O-O 8. Nc3 d6 9. a4 b4 10. Nd5 Nxd5 11. Bxd5 Bd7 12. Bg5 Qe8 13. Be3 Bxe3 14. fxe3 Be6 15. Qe1 Rb8 16. b3 Ne7 17. Bxe6 fxe6 18. Qe2 Ng6 19. Rf2 Qe7 20. Raf1 Rf6 21. d4 exd4 22. exd4 Ra8 23. Qc4 a5 24. Qc6 Raf8 25. Qa6 Nf4 26. Qxa5 Qf7 27. e5 Rg6 28. Kh1 Nd5 29. h3 Qe8 30. exd6 cxd6 31. Qa6 h6 32. Qxd6 Nf6 33. Ne5 Rg5 34. Qc6 Qd8 35. Qxe6+ Kh7 36. Nf7 Qxd4 37. Nxg5+ hxg5 38. Qf5+ Kh6 39. Qd3 Qc5 40. Qd2 Ne4 41. Rxf8 Nxd2 42. R1f5 Qd4 43. Kh2 Ne4 44. Re8 Qd6+ 45. Kh1 Ng3+ 46. Kg1 Nxf5 47. Rd8 Qxd8 0-1

[Event "December 19 Late 2023"]
[Site "https://www.chess.com"]
[Date "2023.12.19"]
[Round "11"]
[White "Adla, Diego"]
[Black "Yeletsky, Ivan"]
[Result "0-1"]
[Board "23"]
[TimeControl "180+1"]
[WhiteFideId "100072"]
[BlackFideId "24180327"]
[WhiteElo "2377"]
[BlackElo "2379"]
[WhiteTeam "ARG"]
[BlackTeam "RUS"]
[WhiteClock "0:00:00"]
[BlackClock "0:00:03"]

1. e4 e5 2. Nf3 Nc6 3. Nc3 Nf6 4. d4 Bb4 5. Nxe5 O-O 6. Qd3 d5 7. exd5 Qxd5 8. Nxc6 Qxc6 9. Be3 Nd5 10. Bd2 Re8+ 11. Be2 Bf5 12. Qxf5 Bxc3 13. bxc3 Nxc3 14. Be3 Nxe2 15. Kxe2 g6 16. Qd3 Qxg2 17. Rag1 Qd5 18. c4 Qa5 19. h4 b5 20. cxb5 Qxa2+ 21. Kf3 Qd5+ 22. Kg3 Re4 23. f3 Qd6+ 24. Kf2 Re6 25. d5 Re7 26. Re1 Rae8 27. Bd2 Qc5+ 28. Kg2 Rxe1 29. Rxe1 Rd8 30. Bc3 Kf8 31. Bf6 Qxd5 32. Qxd5 Rxd5 33. Rc1 Rd7 34. Rc6 Ke8 35. Ra6 Rd5 36. Rxa7 Rxb5 37. Rxc7 Rf5 38. Bg5 h6 39. Bxh6 f6 40. Be3 Rh5 41. Kg3 Kf8 42. Rd7 Kg8 43. Rd4 Kf7 44. Rg4 Ra5 45. Rd4 Ra3 46. Re4 Rb3 47. Kf4 Ra3 48. Rd4 g5+ 49. Ke4 gxh4 50. Bf4 h3 51. Kf5 Ra5+ 0-1

[Event "December 19 Late 2023"]
[Site "https://www.chess.com"]
[Date "2023.12.19"]
[Round "11"]
[White "Gubajdullin, Alexei"]
[Black "Ghasi, Ameet K"]
[Result "0-1"]
[Board "24"]
[TimeControl "180+1"]
[WhiteFideId "4141202"]
[BlackFideId "409200"]
[WhiteElo "2274"]
[BlackElo "2558"]
[WhiteTeam "RUS"]
[BlackTeam "ENG"]
[WhiteClock "0:00:00"]
[BlackClock "0:00:10"]

1. e4 g6 2. d4 Bg7 3. Nc3 d6 4. Be3 a6 5. Qd2 b5 6. h4 h6 7. f4 Nf6 8. Bd3 e5 9. fxe5 dxe5 10. d5 Ng4 11. Bc5 Nd7 12. Ba3 Qf6 13. h5 Qb6 14. Nd1 Ndf6 15. hxg6 fxg6 16. Nf3 a5 17. b3 Bd7 18. c4 b4 19. Bb2 Nh5 20. c5 Qxc5 21. Rc1 Qd6 22. Ne3 Nxe3 23. Qxe3 Nf4 24. Rh2 O-O 25. Nd2 a4 26. Nc4 Qe7 27. Bf1 axb3 28. axb3 Ra2 29. g3 Nh5 30. Be2 Be8 31. Bxh5 gxh5 32. Rf2 Rxf2 33. Qxf2 Bg6 34. Qe3 h4 35. Rc2 h3 36. Rh2 Qd7 37. Qf3 h5 38. Kd1 Qg4 39. Ke2 Bxe4 40. Qxg4 hxg4 41. Ke3 Bxd5 42. Kd3 Bxc4+ 43. Kxc4 e4 0-1

[Event "December 19 Late 2023"]
[Site "https://www.chess.com"]
[Date "2023.12.19"]
[Round "11"]
[White "Ang, Ern Jie Anderson"]
[Black "Manolache, Marius"]
[Result "1/2-1/2"]
[Board "25"]
[TimeControl "180+1"]
[WhiteFideId "5736200"]
[BlackFideId "1201530"]
[WhiteElo "1941"]
[BlackElo "2364"]
[WhiteTeam "MAS"]
[BlackTeam "ROU"]
[WhiteClock "0:01:59"]
[BlackClock "0:02:12"]

1. d4 Nf6 2. c4 e6 3. g3 c5 4. d5 exd5 5. cxd5 d6 6. Nc3 g6 7. Bg2 Bg7 8. Nf3 O-O 9. O-O Re8 10. Bf4 Nh5 11. Bg5 Qc7 12. h3 h6 13. Bd2 b6 14. Rc1 Ba6 15. Qa4 Qd7 16. Qh4 Qe7 17. Qa4 Qd7 18. Qh4 Qe7 19. Qa4 Qd7 1/2-1/2

[Event "December 19 Late 2023"]
[Site "https://www.chess.com"]
[Date "2023.12.19"]
[Round "11"]
[White "Novak, Ratko"]
[Black "Postny, Evgeny"]
[Result "0-1"]
[Board "26"]
[TimeControl "180+1"]
[WhiteFideId "14511827"]
[BlackFideId "2804344"]
[WhiteElo "2036"]
[BlackElo "2505"]
[WhiteTeam "CRO"]
[BlackTeam "ISR"]
[WhiteClock "0:00:00"]
[BlackClock "0:00:07"]

1. d4 Nf6 2. c4 e5 3. dxe5 Ne4 4. Nf3 Nc6 5. a3 d6 6. Qc2 d5 7. cxd5 Qxd5 8. Nc3 Nxc3 9. Qxc3 Bg4 10. Bf4 O-O-O 11. Rc1 h6 12. Qc4 g5 13. Qxd5 Rxd5 14. Bg3 Bg7 15. e4 Ra5 16. Bc4 Bxf3 17. gxf3 Nxe5 18. Ba2 Nd3+ 19. Ke2 Nxc1+ 20. Rxc1 Be5 21. Bxf7 Bxg3 22. fxg3 Rf8 23. Be6+ Kd8 24. Ke3 Rb5 25. Rc2 Ke7 26. Bg4 Rb3+ 27. Ke2 c6 28. e5 Rb5 29. e6 Re5+ 30. Kf2 Rd8 31. f4 gxf4 32. gxf4 Rf8 33. Kg3 Re3+ 34. Kf2 Re4 35. Kg3 Rfxf4 36. h3 Rf8 37. Rd2 Rd8 38. Rf2 Rxe6 39. Bxe6 Kxe6 40. Kg4 Rd5 41. h4 h5+ 42. Kg3 Rd3+ 43. Kf4 Rd5 44. Re2+ Kf6 45. Re8 Rd4+ 46. Kg3 Rd3+ 47. Kf4 Rb3 48. Re2 Rh3 49. Rd2 Rxh4+ 50. Kg3 Rg4+ 51. Kh3 Rg7 52. Kh4 Rh7 53. Re2 Kf5 54. Re8 Kf4 55. Re1 a6 56. Re8 Kf3 57. Re1 Kf4 58. Re8 Rd7 59. Re2 Rd5 60. Re7 Rb5 61. Re2 a5 62. Kh3 Kf3 63. Rd2 Ke3 64. Rc2 Kd3 65. Rc3+ Kd4 66. Rc2 Kd3 67. Rc3+ Kd2 0-1

[Event "December 19 Late 2023"]
[Site "https://www.chess.com"]
[Date "2023.12.19"]
[Round "11"]
[White "Sanal, Vahap"]
[Black "Lymar, Vladislav"]
[Result "1-0"]
[Board "27"]
[TimeControl "180+1"]
[WhiteFideId "6300545"]
[BlackFideId "14162180"]
[WhiteElo "2637"]
[BlackElo "2158"]
[WhiteTeam "TUR"]
[BlackTeam "UKR"]
[WhiteClock "0:01:13"]
[BlackClock "0:00:00"]

1. e4 d6 2. d4 Nf6 3. Nc3 e5 4. Nf3 Nbd7 5. g4 h6 6. g5 hxg5 7. Bxg5 Be7 8. Bc4 c6 9. Qe2 Qa5 10. O-O-O exd4 11. Rxd4 Ne5 12. Nxe5 dxe5 13. Rd2 Be6 14. Bxe6 fxe6 15. Qc4 Kf7 16. Bxf6 gxf6 17. Rd7 Qb6 18. Rhd1 Qxf2 19. Qb4 Rae8 20. Qxb7 Rxh2 21. R7d2 Qf4 22. Qxc6 Rd8 23. Nd5 exd5 24. exd5 Rg8 25. Qe6+ Kf8 26. d6 Bd8 27. Qc8 Kg7 28. Rg1+ Kh6 29. Rd1 Rxd2 30. Qh3+ Kg6 31. Rxd2 Qf5 32. Rg2+ Qg5+ 33. Rxg5+ fxg5 34. Qe6+ Kg7 35. Qxe5+ Bf6 36. Qf5 Rd8 37. d7 Kf7 38. b4 Ke7 39. Qc5+ Kxd7 40. Qxa7+ Ke6 41. Qe3+ Kf5 42. Qf3+ Kg6 43. c4 Rd4 44. c5 Rxb4 45. Qd3+ Kg7 46. c6 Rb6 47. Qd7+ Kh6 48. c7 1-0

[Event "December 19 Late 2023"]
[Site "https://www.chess.com"]
[Date "2023.12.19"]
[Round "11"]
[White "Chigaev, Maksim"]
[Black "Domingo Nunez, Alejandro"]
[Result "1-0"]
[Board "28"]
[TimeControl "180+1"]
[WhiteFideId "4108116"]
[BlackFideId "22245561"]
[WhiteElo "2561"]
[BlackElo "2252"]
[WhiteTeam "ESP"]
[BlackTeam "ESP"]
[WhiteClock "0:00:07"]
[BlackClock "0:00:00"]

1. d4 Nf6 2. c4 g6 3. Nc3 Bg7 4. e4 d6 5. Be2 O-O 6. Be3 e5 7. d5 Na6 8. h4 Nc5 9. Qc2 a5 10. h5 b6 11. O-O-O Bd7 12. h6 Bh8 13. Nf3 Ng4 14. Bxc5 bxc5 15. Bd3 Bf6 16. Kb1 Bg5 17. Nxg5 Qxg5 18. Qd2 Qxd2 19. Rxd2 f5 20. f3 Nf6 21. Bc2 fxe4 22. Bxe4 Nxe4 23. Nxe4 Rf4 24. Kc2 Raf8 25. Kc3 Bf5 26. Ng5 Rd4 27. Rxd4 exd4+ 28. Kd2 Rb8 29. b3 a4 30. g4 Bd7 31. Re1 Re8 32. Rxe8+ Bxe8 33. Ne6 axb3 34. axb3 c6 35. Nc7 Bd7 36. Kd3 cxd5 37. Nxd5 Be6 38. Nf6+ Kh8 39. f4 Bc8 40. b4 cxb4 41. Kxd4 Bb7 42. Ne8 d5 43. c5 Bc6 44. Nf6 1-0

[Event "December 19 Late 2023"]
[Site "https://www.chess.com"]
[Date "2023.12.19"]
[Round "11"]
[White "Gokerkan, Cem Kaan"]
[Black "Cobysters"]
[Result "1-0"]
[Board "29"]
[TimeControl "180+1"]
[WhiteFideId "6336760"]
[WhiteElo "2365"]
[BlackElo "2584"]
[WhiteTeam "TUR"]
[WhiteClock "0:00:00"]
[BlackClock "0:00:55"]

1. Nf3 Nf6 2. g3 c5 3. Bg2 g6 4. O-O Bg7 5. b3 O-O 6. Bb2 d5 7. c4 d4 8. b4 Nc6 9. b5 Nb8 10. e3 dxe3 11. dxe3 Bf5 12. Nh4 Bc8 13. Nd2 Nbd7 14. Nb3 Rb8 15. a4 Qc7 16. a5 Rd8 17. Qc2 Nf8 18. Rfd1 Bg4 19. Bf3 Bxf3 20. Nxf3 Nh5 21. Bxg7 Nxg7 22. Qe4 Nfe6 23. Qe5 Qxe5 24. Nxe5 f6 25. Nd3 Rbc8 26. Kf1 Nf5 27. Ke2 Nd6 28. Rdc1 Kf7 29. h4 h5 30. Nb2 Ne4 31. Na4 f5 32. Rd1 Rd6 33. Rxd6 exd6 34. Rd1 Ke7 35. Nd2 Nf6 36. Nc3 g5 37. hxg5 Nxg5 38. Nf3 Nge4 39. Nxe4 Nxe4 40. Rh1 d5 41. cxd5 c4 42. Nd4 Nc3+ 43. Kf3 Nxd5 44. Rxh5 c3 45. Nxf5+ Kf6 46. Nd4 Nb4 47. Rh7 c2 48. Nxc2 Rxc2 49. Rxb7 Nd3 50. Rxa7 Rxf2+ 51. Ke4 Nc5+ 52. Kd5 Ne6 53. b6 Rd2+ 54. Kc6 Rc2+ 55. Kb7 Ke5 56. Kb8 Nd8 57. Rc7 Ra2 58. Kc8 Ne6 59. b7 Rd2 60. b8=Q Rd8+ 61. Kb7 Rd1 62. Rc1+ Ke4 63. Rxd1 Nc5+ 64. Kc6 Na6 1-0

[Event "December 19 Late 2023"]
[Site "https://www.chess.com"]
[Date "2023.12.19"]
[Round "11"]
[White "Rustemov, Alexander"]
[Black "Keleberda, Tymur"]
[Result "0-1"]
[Board "30"]
[TimeControl "180+1"]
[WhiteFideId "4119002"]
[BlackFideId "14174294"]
[WhiteElo "2783"]
[BlackElo "2198"]
[WhiteTeam "RUS"]
[BlackTeam "CAN"]
[WhiteClock "0:00:00"]
[BlackClock "0:00:14"]

1. d4 Nf6 2. c4 e6 3. Nf3 b6 4. a3 Ba6 5. Qc2 Bb7 6. Nc3 c5 7. e4 cxd4 8. Nxd4 Bc5 9. Nb3 Ng4 10. Nxc5 bxc5 11. Be2 h5 12. h3 Ne5 13. Be3 Na6 14. f4 Nc6 15. Rd1 Nd4 16. Bxd4 cxd4 17. Rxd4 Qh4+ 18. Kd1 Qxf4 19. Qd2 Qxd2+ 20. Kxd2 Nc5 21. Ke3 a5 22. b4 axb4 23. axb4 Ra3 24. bxc5 Rxc3+ 25. Kd2 Rb3 26. Kc2 Ra3 27. Rb1 Ra7 28. Bf3 Ke7 29. h4 e5 30. Rd6 Bc6 31. Rd2 Ra5 32. Kd3 g6 33. Rdb2 Rha8 34. Rb5 Ra3+ 35. R5b3 Rxb3+ 36. Rxb3 Ra5 37. Kc3 Rxc5 38. Kb4 d6 39. Ra3 Bd7 40. Ra7 Kd8 41. Ra8+ Rc8 42. Ra6 Ke7 43. Ra7 Kd8 44. Ra6 Bc6 45. g4 hxg4 46. Bxg4 Rc7 47. Bf3 Ke7 48. Kc3 Bd7 49. Kd3 Rb7 50. Kc3 Be6 51. h5 Rc7 52. Ra4 gxh5 53. Bxh5 Rc8 54. Be2 Rh8 55. Ra7+ Kf6 56. Bd3 Rh1 57. Kd2 Rh2+ 58. Ke3 Rb2 59. Ra6 Ke7 60. Ra7+ Kd8 61. Ra6 Kc7 62. Ra7+ Kb6 63. Ra8 Kc5 64. Ra5+ Kc6 65. Ra6+ Rb6 66. Ra7 Rb4 67. Kd2 Rb2+ 68. Kc3 Rf2 69. Ra6+ Kc7 70. Ra7+ Kb6 71. Ra8 Kc5 72. Ra5+ Kc6 73. Ra6+ Kd7 74. Ra7+ Kd8 75. Ra6 Kc7 76. Ra7+ Kb6 77. Ra8 Rh2 78. Rd8 Kc6 79. Ra8 Rh3 80. Kd2 Kc7 81. Ra7+ Kb6 82. Ra8 Bg4 83. Kc2 Kc5 84. Ra5+ Kc6 85. Ra6+ Kc5 86. Ra5+ Kb6 87. Rd5 Kc6 88. Ra5 Be6 89. Kd2 Kb6 90. Rb5+ Kc6 91. Ra5 Rh4 92. Ra6+ Kc5 93. Kc3 Rh3 94. Kd2 Kd4 95. Rxd6+ Kc5 96. Rd8 Rh2+ 97. Kc3 Ra2 98. Rb8 Ra3+ 99. Kd2 Kd4 100. Rd8+ Kc5 101. Ke2 Ra4 102. Ke3 Ra3 103. Ke2 Kb4 104. Rb8+ Kc5 105. Rb5+ Kd4 106. Rd5+ Bxd5 107. exd5 Rxd3 108. d6 Kxc4 109. d7 Rxd7 110. Ke3 Rd4 111. Kf3 Kd5 112. Ke3 Rf4 113. Ke2 Ke6 114. Ke3 Kf5 115. Ke2 Kg4 116. Ke1 f5 117. Ke2 e4 118. Ke3 Rf3+ 119. Ke2 Kf4 120. Ke1 Re3+ 121. Kf2 Rf3+ 0-1

[Event "December 19 Late 2023"]
[Site "https://www.chess.com"]
[Date "2023.12.19"]
[Round "11"]
[White "O`Gorman, Tom"]
[Black "Troff, Kayden"]
[Result "0-1"]
[Board "31"]
[TimeControl "180+1"]
[WhiteFideId "2508249"]
[BlackFideId "2047896"]
[WhiteElo "2288"]
[BlackElo "2544"]
[WhiteTeam "IRL"]
[BlackTeam "USA"]
[WhiteClock "0:00:18"]
[BlackClock "0:00:19"]

1. d4 Nf6 2. c4 g6 3. Nc3 d5 4. cxd5 Nxd5 5. e4 Nxc3 6. bxc3 Bg7 7. Qa4+ Nd7 8. Nf3 O-O 9. Be3 c5 10. Be2 Nf6 11. Qc2 cxd4 12. cxd4 Be6 13. O-O Rc8 14. Qb1 b6 15. h3 Bc4 16. Bxc4 Rxc4 17. Ne5 Rc3 18. a4 Nd7 19. Nxd7 Qxd7 20. Rd1 Rfc8 21. a5 b5 22. a6 e6 23. Ra5 Rb8 24. Qb2 b4 25. Raa1 Qc7 26. Rdc1 h5 27. Qd2 Qc4 28. d5 b3 29. Bxa7 b2 30. Bxb8 Rxc1+ 31. Kh2 bxa1=Q 0-1

[Event "December 19 Late 2023"]
[Site "https://www.chess.com"]
[Date "2023.12.19"]
[Round "11"]
[White "Rogov, Matfey"]
[Black "Weetik, Vjacheslav"]
[Result "0-1"]
[Board "32"]
[TimeControl "180+1"]
[WhiteFideId "44191308"]
[BlackFideId "4153472"]
[WhiteElo "2057"]
[BlackElo "2469"]
[WhiteTeam "RUS"]
[BlackTeam "RUS"]
[WhiteClock "0:00:00"]
[BlackClock "0:00:14"]

1. Nc3 d5 2. d4 Nf6 3. Bg5 Nbd7 4. e3 g6 5. Be2 Bg7 6. h4 c5 7. h5 Qa5 8. h6 Bf8 9. Nf3 Ne4 10. Kf1 Nxg5 11. Nxg5 e6 12. a3 Be7 13. Nf3 O-O 14. g3 a6 15. Kg2 Qc7 16. dxc5 Qxc5 17. Qd4 Bf6 18. Qf4 e5 19. Qb4 Qc6 20. e4 Nb6 21. Rad1 d4 22. Nd5 Nxd5 23. exd5 Qxd5 24. c3 Bg4 25. cxd4 e4 26. Ng1 Bf5 27. Rc1 Rfc8 28. Nh3 e3+ 29. Bf3 Be4 30. Bxe4 Qxe4+ 31. f3 Rc2+ 32. Rxc2 Qxc2+ 33. Kg1 Qd1+ 34. Kg2 Qe2+ 35. Kg1 Rc8 0-1

[Event "December 19 Late 2023"]
[Site "https://www.chess.com"]
[Date "2023.12.19"]
[Round "11"]
[White "Khater, Sherif"]
[Black "Bardyk, Artem"]
[Result "0-1"]
[Board "33"]
[TimeControl "180+1"]
[WhiteFideId "2034280"]
[BlackFideId "34349979"]
[WhiteElo "2565"]
[BlackElo "2300"]
[WhiteTeam "USA"]
[BlackTeam "RUS"]
[WhiteClock "0:00:00"]
[BlackClock "0:00:31"]

1. a3 d5 2. b4 Nf6 3. Bb2 a5 4. b5 Nbd7 5. e3 c6 6. Nf3 e6 7. Be2 Bd6 8. O-O e5 9. d4 e4 10. Ne5 O-O 11. f3 exf3 12. Rxf3 Qc7 13. bxc6 bxc6 14. Nxd7 Bxh2+ 15. Kh1 Bxd7 16. Nd2 Ng4 17. Nf1 Rae8 18. Bd3 Re6 19. Qe2 Rh6 20. Rh3 Bd6 21. e4 dxe4 22. Bxe4 Rxh3+ 23. gxh3 Nf6 24. Bg2 Re8 25. Qd3 Qc8 26. Nd2 Bf5 27. Qf3 Ne4 28. Nf1 Ng5 29. Qxc6 Qxc6 30. Bxc6 Re2 31. Bc3 Rxc2 32. Ne3 Rxc3 33. Nxf5 Rxc6 34. d5 Rb6 35. Rc1 g6 36. Rc8+ Bf8 37. Ne7+ Kg7 38. Nc6 Bxa3 39. Nxa5 Nxh3 40. Nc4 Ra6 41. Nxa3 Rxa3 42. d6 Rd3 43. Rd8 Nf2+ 44. Kg2 Ne4 45. d7 Nf6 0-1